 Dungeon Sprint DCSS version 0.22.1-2-g9c5b331 (webtiles) character file.

9 diana the Insei (level 2, 0/23 HPs)
             Began as a Gnoll Transmuter on Nov 30, 2018.
             Slain by a centaur (9 damage)
             ... in the Dungeon (Sprint IX: "|||||||||||||||||||||||||||||").
             The game lasted 00:00:54 (311 turns).

diana the Insei (Gnoll Transmuter)                   Turns: 311, Time: 00:00:54

Health: 0/23       AC:  2    Str: 12    XL:     2   Next: 16%
Magic:  8/8        EV: 15    Int: 15    God:
Gold:   0          SH:  0    Dex: 15    Spells: 10/11 levels left

rFire    . . .     SeeInvis .     - Unarmed
rCold    . . .     Gourm    .   (no shield)
rNeg     . . .     Faith    .   b - +0 robe
rPois    .         Spirit   .   (no helmet)
rElec    .         Reflect  .   (no cloak)
rCorr    .         Harm     .   (no gloves)
MR       .....     NoTele   +   (no boots)
Stlth    ++........             (no amulet)
HPRegen  0.07/turn              (no ring)
MPRegen  0.11/turn              (no ring)

@: no status effects
A: distributed training, fangs 1, strong nose
a: no special abilities


You were in the Dungeon.
You were not hungry.

You visited 1 branch

Inventory:

Missiles
 a - 12 arrows
Armour
 b - a +0 robe (worn)
Scrolls
 j - a scroll of blinking
Potions
 g - a potion of haste
 h - 2 potions of magic
 i - a potion of berserk rage
Comestibles
 d - a ration


   Skills:
 + Level 2.7 Fighting
 + Level 1.1 Short Blades
 + Level 1.1 Long Blades
 + Level 1.1 Axes
 + Level 1.1 Maces & Flails
 + Level 1.1 Polearms
 + Level 1.1 Staves
 + Level 1.1 Slings
 + Level 1.1 Bows
 + Level 1.1 Crossbows
 + Level 1.1 Throwing
 + Level 1.1 Armour
 + Level 4.6 Dodging
 + Level 1.1 Stealth
 + Level 1.1 Shields
 + Level 6.6 Unarmed Combat
 + Level 5.1 Spellcasting
 + Level 0.9 Conjurations
 + Level 0.9 Hexes
 + Level 0.9 Charms
 + Level 0.9 Summonings
 + Level 0.9 Necromancy
 + Level 0.9 Translocations
 + Level 3.8 Transmutations
 + Level 0.9 Fire Magic
 + Level 0.9 Ice Magic
 + Level 0.9 Air Magic
 + Level 0.9 Earth Magic
 + Level 0.9 Poison Magic
 + Level 1.2 Invocations
 + Level 1.1 Evocations


You had 10 spell levels left.
You knew the following spells:

 Your Spells              Type           Power        Failure   Level  Hunger
a - Beastly Appendage     Tmut           ###...       3%          1    None

Your spell library contained the following spells:

 Spells                   Type           Power        Failure   Level  Hunger
 Sticks to Snakes         Tmut           ###.....     4%          2    ##.....
 Spider Form              Tmut/Pois      ##........   19%         3    ###....
 Ice Form                 Ice/Tmut       ##......     52%         4    ####...
 Blade Hands              Tmut           ###.......   67%         5    ######.


Dungeon Overview and Level Annotations

Branches:
Dungeon (1/1)

Altars:


Innate Abilities, Weirdness & Mutations

Your experience applies equally to all skills.
You have very sharp teeth.
Your uncanny sense of smell can sniff out nearby items.


Message History

The centaur misses you.
The crimson imp blinks!
Things that are here:
a club; a chain mail; an orc corpse You hit the centaur.
The centaur is lightly wounded.
Your talons disappear.
The centaur completely misses you.
You hit the centaur.
The centaur is moderately wounded.
The centaur closely misses you. The centaur misses you.
You barely miss the centaur.
The centaur is moderately wounded.
The crimson imp blinks!
The centaur hits you.
* * * LOW HITPOINT WARNING * * *
Casting: Beastly Appendage (safe; 3% risk of failure)
Confirm with . or Enter, or press ? or * to list all spells.
You don't know that spell.
Unknown command.
You feel better. The centaur hits you!
You die...

▓▓▓▓▓▓▓▓▓▓▓▓▓▓▓▓▓▓
+.....c@.5))'.§.<▓
▓▓▓▓▓▓▓▓▓▓▓▓▓▓▓▓▓▓
∆∆∆∆∆∆∆∆∆


You could see a centaur and a crimson imp.

Vanquished Creatures
  An orc (D)
  A bat skeleton (D)
  A goblin (D)
  2 hobgoblins (D)
  A ball python (D)
  A kobold (D)
  A rat (D)
8 creatures vanquished.

Notes
Turn   | Place    | Note
-------+----------+-------------------------------------------
     0 | D        | diana the Gnoll Transmuter began the quest for the Orb.
     0 | D        | Reached XP level 1. HP: 17/17 MP: 6/6
    14 | D        | Reached skill level 5 in Spellcasting
    16 | D        | Reached skill level 1 in Invocations
   266 | D        | Noticed a centaur
   266 | D        | Noticed a crimson imp
   274 | D        | Reached skill level 1 in Short Blades
   274 | D        | Reached skill level 1 in Long Blades
   274 | D        | Reached skill level 1 in Axes
   274 | D        | Reached skill level 1 in Maces & Flails
   274 | D        | Reached skill level 1 in Polearms
   274 | D        | Reached skill level 1 in Staves
   274 | D        | Reached skill level 1 in Slings
   274 | D        | Reached skill level 1 in Bows
   274 | D        | Reached skill level 1 in Crossbows
   274 | D        | Reached skill level 1 in Throwing
   274 | D        | Reached skill level 1 in Armour
   274 | D        | Reached skill level 1 in Stealth
   274 | D        | Reached skill level 1 in Shields
   274 | D        | Reached skill level 1 in Evocations
   274 | D        | Reached XP level 2. HP: 18/23 MP: 6/8
   311 | D        | Slain by a centaur

Skill      XL: |  1 |
---------------+----+-----
Spellcasting   | 5 |  5.1
Invocations    | 1 |  1.2
Short Blades   | 1 |  1.1
Long Blades    | 1 |  1.1
Axes           | 1 |  1.1
Maces & Flails | 1 |  1.1
Polearms       | 1 |  1.1
Staves         | 1 |  1.1
Slings         | 1 |  1.1
Bows           | 1 |  1.1
Crossbows      | 1 |  1.1
Throwing       | 1 |  1.1
Armour         | 1 |  1.1
Stealth        | 1 |  1.1
Shields        | 1 |  1.1
Evocations     | 1 |  1.1
Fighting       | |  2.7
Dodging        | |  4.6
Unarmed Combat | |  6.6
Conjurations   | |  0.9
Hexes          | |  0.9
Charms         | |  0.9
Summonings     | |  0.9
Necromancy     | |  0.9
Translocations | |  0.9
Transmutations | |  3.8
Fire Magic     | |  0.9
Ice Magic      | |  0.9
Air Magic      | |  0.9
Earth Magic    | |  0.9
Poison Magic   | |  0.9

Action                   || total
-------------------------++-------
Melee: Unarmed           ||    53
       Bite              ||     9
       Kick              ||     4
       Headbutt          ||     3
 Cast: Beastly Appendage ||     3
  Use: Potion            ||     2
Armor: Robe              ||     6
Dodge: Dodged            ||    36
